 Dungeon Crawl Stone Soup version 0.31-a0-345-g1ebeae05c6 (webtiles) character file.

Game seed: 3855867732647547490

172 RepHenryClay the Stinger (level 5, -2/28 HPs)
             Began as a Deep Elf Venom Mage on July 22, 2023.
             Slain by a komodo dragon (30 damage)
             ... on level 5 of the Dungeon.
             The game lasted 00:05:19 (3355 turns).

RepHenryClay the Stinger (Deep Elf Venom Mage)      Turns: 3355, Time: 00:05:19

Health: -2/28      AC:  2    Str:  5    XL:     5   Next: 27%
Magic:  7/12       EV: 13    Int: 22    God:
Gold:   205        SH:  0    Dex: 15    Spells: 1/11 levels left

rFire   . . .        a - +2 dagger (elec)
rCold   . . .        (no shield)
rNeg    . . .        j - +0 robe
rPois   .            (no helmet)
rElec   .            (no cloak)
rCorr   .            (no gloves)
SInv    .            (no boots)
Will    .....        (no amulet)
Stlth   ++           e - ring of flight
HPRegen 0.24/turn    (no ring)
MPRegen 0.13/turn

%: no passive effects
@: flying
A: no striking features
a: no special abilities


You were on level 5 of the Dungeon.
You visited 1 branch of the dungeon, and saw 5 of its levels.

You collected 205 gold pieces.

Inventory:

Hand Weapons
 a - a +2 dagger of electrocution (weapon)
Armour
 j - a +0 robe (worn)
 l - an orb of energy
Jewellery
 e - a ring of flight (left hand)
Scrolls
 c - 5 scrolls of teleportation {unknown}
 g - 4 scrolls of identify {unknown}
 h - a scroll of vulnerability {unknown}
Potions
 b - a potion of magic
 d - a potion of berserk rage
 f - 2 potions of curing
 k - a potion of lignification {unknown}


   Skills:
 - Level 3.2 Dodging
 - Level 3.3 Stealth
 - Level 3.6 Spellcasting
 - Level 2.0 Transmutations
 + Level 0.0 Air Magic
 - Level 5.4 Poison Magic


You had one spell level left.
You knew the following spells:

 Your Spells              Type           Power      Damage    Failure   Level
a - Sting                 Tmut/Pois      80%        1d7       2%          1
b - Poisonous Vapours     Pois/Air       30%        N/A       6%          2
c - Mephitic Cloud        Conj/Pois/Air  11%        N/A       17%         3
d - Olgreb's Toxic Radia  Pois           27%        N/A       12%         4

Your spell library contained the following spells:

 Spells                   Type           Power      Damage    Failure   Level
 Gell's Gravitas          Tloc           4%         N/A       34%         3
 Portal Projectile        Hex/Tloc       8%         N/A       34%         3
 Summon Guardian Golem    Hex/Summ       4%         N/A       34%         3
 Teleport Other           Tloc           4%         N/A       34%         3
 Tukima's Dance           Hex            4%         N/A       34%         3
 Iskenderun's Mystic Bla  Conj/Tloc      4%         2d3       75%         4
 Dispersal                Tloc           2%         N/A       100%        6
 Orb of Destruction       Conj           2%         9d5       100%        7
 Spellforged Servitor     Conj/Summ      2%         N/A       100%        7


Dungeon Overview and Level Annotations

Branches:
Dungeon (5/15)
 Temple: D:4-7

Altars:
Makhleb

Shops:
D:1 *

Annotations:
D:4 Duvessa


Message History

You fly downwards.
There is a stone staircase leading up here.
You have 205 gold pieces.
Unknown command.
A komodo dragon comes into view.
The komodo dragon hisses angrily.
Casting: Mephitic Cloud (quite dangerous; 17% risk of failure)
Confirm with . or Enter, or press ? or * to list all spells.
Aiming: Sting (safe; 2% risk of failure)
Press: ? - help, Shift-Dir - straight line, f - komodo dragon
Aim: a komodo dragon (82% to hit)
The sting hits the komodo dragon but does no damage.
The komodo dragon is poisoned.
Casting: Sting (safe; 2% risk of failure)
Confirm with . or Enter, or press ? or * to list all spells.
The spell is quite dangerous to miscast (17% risk of failure)!
Continue anyway?
Aiming: Mephitic Cloud (quite dangerous; 17% risk of failure)
Press: ? - help, Shift-Dir - straight line, f/p - komodo dragon
Aim: a komodo dragon (lightly wounded, poisoned, chance to affect: 62%)
The ball explodes into a vile cloud!
The stinking cloud engulfs the komodo dragon but does no damage.
The komodo dragon is lightly wounded.
The komodo dragon is engulfed in noxious fumes.
The komodo dragon appears confused.
Casting: Mephitic Cloud (quite dangerous; 17% risk of failure)
Confirm with . or Enter, or press ? or * to list all spells.
Aiming: Sting (safe; 2% risk of failure)
Press: ? - help, Shift-Dir - straight line, f/p - komodo dragon
Aim: a komodo dragon (noxious fumes, lightly wounded, confused, poisoned, 95% to hit)
The sting hits the komodo dragon.
The komodo dragon looks even sicker.
The komodo dragon is lightly wounded.
The komodo dragon is engulfed in noxious fumes.
The komodo dragon appears confused.
You hit the komodo dragon.
Lightning courses through the komodo dragon!
The komodo dragon is heavily wounded.
The komodo dragon is engulfed in noxious fumes.
The komodo dragon bites you!!
Ouch! That really hurt!
You die...

###+
#...#########
#....#......##
##....#.......#
#..$..#<......#
#.....#.......#
#.....#.......#
#....@#.......#
##+#lā—‹...##..##
.......ā—‹#####
### ......ā—‹Ā°#
........#
........#
........#
........#
+##.....#


You could see a komodo dragon (confused, very poisoned).

Vanquished Creatures
  Dowan (D:4)
  Jessica (D:3)
  Terence (D:2)
  2 adders
  A worm (D:3)
  A dart slug (D:1)
  3 ball pythons
  3 endoplasms
  A giant cockroach (D:1)
  4 goblins
  6 hobgoblins
  6 jackals
  A quokka (D:3)
  3 bats
  2 frilled lizards
  6 kobolds
  7 rats
49 creatures vanquished.

Notes
Turn   | Place    | Note
-------+----------+-------------------------------------------
     0 | D:1      | RepHenryClay the Deep Elf Venom Mage began the quest for
                  | the Orb.
     0 | D:1      | Reached XP level 1. HP: 10/10 MP: 6/6
   173 | D:1      | Reached XP level 2. HP: 5/15 MP: 4/8
   831 | D:1      | Found Wohaun's Assorted Antiques.
   869 | D:1      | Reached XP level 3. HP: 19/19 MP: 7/9
  1336 | D:2      | Noticed Terence
  1378 | D:2      | Killed Terence
  1385 | D:2      | Learned a level 2 spell: Poisonous Vapours
  1389 | D:2      | Learned a level 3 spell: Mephitic Cloud
  1519 | D:2      | Found a burning altar of Makhleb.
  1524 | D:2      | Reached XP level 4. HP: 21/24 MP: 7/11
  1873 | D:3      | You are sucked into a shaft and drop 1 floor!
  1916 | D:3      | Noticed Jessica
  1919 | D:3      | Killed Jessica
  1920 | D:3      | Reached skill level 4 in Poison Magic
  2133 | D:3      | Found a faded altar of an unknown god.
  3073 | D:4      | Noticed Dowan
  3073 | D:4      | Noticed Duvessa
  3087 | D:4      | Killed Dowan
  3088 | D:4      | Reached skill level 5 in Poison Magic
  3088 | D:4      | Reached XP level 5. HP: 16/28 MP: 7/12
  3095 | D:3      | Learned a level 4 spell: Olgreb's Toxic Radiance
  3343 | D:5      | Entered Level 5 of the Dungeon
  3349 | D:5      | Noticed a komodo dragon
  3355 | D:5      | Slain by a komodo dragon

Illustrated notes

Levels and vault maps discovered:
D:1:      kilobyte_arrival_exit_the_forest, layout_loops_ring, serial_shops,
          shop
D:2:      layout_basic, basic_altar, grunt_ministairs_6, uniq_terence
D:3:      layout_loops_corners, shapermc_ecumenical_altar_ellora, uniq_jessica
D:4:      layout_gridville, uniq_duvessa
D:5:      layout_gridville, mainiacjoe_overflow_big_doors, uniq_grinder

Skill      XL: |  1  2  3  4 |
---------------+-------------+-----
Stealth        | 3 |  3.3
Dodging        | 3 |  3.2
Transmutations | 2 |  2.0
Poison Magic   | 5 |  5.4
Spellcasting   | |  3.6

Action                     |  1- 3 |  4- 6 || total
---------------------------+-------+-------++-------
  Melee: Unarmed           |    13 |       ||    13
         Dagger            |       |     7 ||     7
   Cast: Sting             |    56 |    37 ||    93
         Mephitic Cloud    |       |     3 ||     3
         Poisonous Vapours |       |     2 ||     2
    Use: Potion            |     1 |     2 ||     3
   Stab: Distracted        |       |     1 ||     1
         Sleeping          |       |     1 ||     1
 Armour: Robe              |     4 |       ||     4
  Dodge: Dodged            |    50 |    10 ||    60

Table legend: (Time is in decaauts)
 A = Elapsed time spent in this place.
 B = Non-inter-level travel time spent in this place.
 C = Inter-level travel time spent in this place.
 D = Time resting spent in this place.
 E = Time spent auto-exploring this place.
 F = Levels seen in this place.
 G = Mean time per level.
                   A        B        C        D        E       F      G
               +--------+--------+--------+--------+--------+-----+--------+
         Total |   3370 |   3203 |    167 |    341 |   2469 |   5 |  674.0 |
       Dungeon |   3370 |   3203 |    167 |    341 |   2469 |   5 |  674.0 |
               +--------+--------+--------+--------+--------+-----+--------+

Top non-repeatable levels by time:
     D:3: 1338 daAuts
     D:1: 1262 daAuts
     D:2: 643 daAuts
     D:4: 113 daAuts
     D:5: 11 daAuts
